 Dungeon Crawl Stone Soup version 0.22-a0-567-gff9aefc (webtiles) character file.

91 theanonym the Skirmisher (level 4, -10/37 HPs)
             Began as a Mummy Chaos Knight on June 29, 2018.
             Killed from afar by a smoke demon (15 damage)
             ... with a ball of steam
             ... on level 1 of the Abyss.
             The game lasted 00:05:29 (2008 turns).

theanonym the Skirmisher (Mummy Chaos Knight)       Turns: 2008, Time: 00:05:29

Health: -10/37     AC:  9    Str: 16    XL:     4   Next: 34%
Magic:  13/13      EV:  7    Int: 11    God:    Xom [*.....]
Gold:   83         SH:  0    Dex: 11    Spells: 3/3 levels left

rFire    x . .     SeeInvis .   a - +0 flail
rCold    + . .     Gourm    .   (no shield)
rNeg     + + +     Faith    .   m - +0 chain mail
rPois    ∞         Spirit   .   f - +0 helmet
rElec    .         Reflect  .   (no cloak)
rCorr    .         Harm     .   (no gloves)
MR       .....                  (no boots)
Stlth    ..........             (no amulet)
HPRegen  0.12/turn              l - ring of magical power
MPRegen  0.13/turn              (no ring)

@: no status effects
A: no food or potions, fire vulnerability, cold resistance 1, negative energy
resistance 3, torment resistance, unbreathing
a: Renounce Religion


Innate Abilities, Weirdness & Mutations

You do not eat or drink.
Your flesh is vulnerable to fire.
You are immune to poison.
Your flesh is cold resistant. (rC+)
You are immune to negative energy. (rN+++)
You are immune to unholy pain and torment.
You can survive without breathing.


   Skills:
 + Level 3.7 Fighting
 * Level 3.0 Maces & Flails
 - Level 2.3 Armour
 - Level 1.7 Dodging


You had 3 spell levels left.
You didn't know any spells.
Your spell library was empty.

Skill      XL: |  1  2  3  4 |
---------------+-------------+-----
Dodging        | 1 |  1.7
Armour         | 2 |  2.3
Maces & Flails | 3 |  3.0
Fighting       | |  3.7

Action                   |  1- 3 |  4- 6 || total
-------------------------+-------+-------++-------
Melee: Mace              |    54 |       ||    54
       Flail             |    46 |    13 ||    59
Armor: Leather armour    |    15 |       ||    15
       Ring mail         |    29 |     2 ||    31
       Chain mail        |       |     6 ||     6
Dodge: Dodged            |    73 |     7 ||    80

Inventory:

Hand Weapons
 a - a +0 flail (weapon)
   (You took it off a gnoll on level 1 of the Dungeon)
 i - a +0 mace of chaos
Armour
 b - a +2 leather armour
 f - a +0 helmet (worn)
   (You found it on level 1 of the Dungeon)
 h - a +0 ring mail
   (You found it on level 1 of the Dungeon)
 m - a +0 chain mail (worn)
   (You found it on level 2 of the Dungeon)
Jewellery
 l - a ring of magical power (left hand)
   (You found it on level 2 of the Dungeon)
Scrolls
 c - a scroll of magic mapping {unknown}
 d - a scroll of fog {unknown}
 e - a scroll of blinking {unknown}
 g - 4 scrolls of identify {unknown}
 j - a scroll of enchant armour {unknown}
 k - a scroll of teleportation {unknown}


You were on level 1 of the Abyss.
You worshipped Xom.
You were a special plaything of Xom.
You were not hungry.

You visited 1 branch of the dungeon, and saw 2 of its levels.
You visited the Abyss 1 time.

You collected 83 gold pieces.

Dungeon Overview and Level Annotations

Branches:
Dungeon (2/15)

Altars:
Xom

#. #.. ..#.. .#..
# #. ... ##.#...
#.. .#... #.. ...#
# ##.####x..#. . #
###.#..§@§§§ .
....#..#.#..##§3.#
#... .#......#/..#
#....#...#.# ..#
#. #........#....
. ..
#..##.......[... ∩
. #..#.......##.#.
. . >.
...##..#.#.####
....
#..#..##.....#.
..... .


You could see a worldbinder.

Notes
Turn   | Place    | Note
-------+----------+-------------------------------------------
     0 | D:1      | theanonym the Mummy Chaos Knight began the quest for the Orb.
     0 | D:1      | Reached XP level 1. HP: 18/18 MP: 1/1
    56 | D:1      | XOM: potion effect (haste)
   137 | D:1      | Reached skill level 1 in Dodging
   169 | D:1      | Reached XP level 2. HP: 23/24 MP: 2/2
   275 | D:1      | HP: 12/24 [dart slug/slug dart (8)]
   807 | D:2      | Reached skill level 2 in Armour
   807 | D:2      | Reached XP level 3. HP: 25/29 MP: 3/3
   878 | D:2      | XOM: silly message
   976 | D:1      | XOM: divination: detect items
  1038 | D:2      | XOM: mild Fire miscast
  1038 | D:2      | HP: 13/29 [something (10)]
  1113 | D:1      | XOM: scenery: create altars
  1236 | D:2      | Found a faded altar of an unknown god.
  1409 | D:2      | XOM: smoke on damage
  1410 | D:2      | HP: 11/29 [worm (4)]
  1421 | D:2      | HP: 11/29 [bat (1)]
  1687 | D:2      | Reached XP level 4. HP: 36/36 MP: 4/4
  1915 | D:2      | Reached skill level 3 in Maces & Flails
  1980 | D:2      | XOM is BORED!
  1980 | D:2      | XOM: medium Tloc miscast
  1980 | D:2      | Cast into level 1 of the Abyss (the capriciousness of Xom)
  1980 | Abyss:1  | Found a corrupted altar of Lugonu.
  2003 | Abyss:1  | Noticed a worldbinder
  2004 | Abyss:1  | Noticed a smoke demon
  2005 | Abyss:1  | HP: 11/37 [something/ball of steam (22)]
  2007 | Abyss:1  | HP: 5/37 [worldbinder (3)]
  2008 | Abyss:1  | Killed from afar by a smoke demon

Vanquished Creatures
  3 gnolls
  2 adders (D:2)
  A worm (D:2)
  2 dart slugs (D:1)
  A leopard gecko (D:1)
  2 giant cockroaches (D:2)
  3 goblins
  5 hobgoblins
  3 kobolds (D:1)
  7 bats
  3 frilled lizards
  8 rats
40 creatures vanquished.

Table legend:
 A = Turns spent in this place as a percentage of turns spent in the entire game.
 B = Non-inter-level travel turns spent in this place as a percentage of non-inter-level travel turns spent in the entire game.
 C = Inter-level travel turns spent in this place as a percentage of turns spent in this place.
 D = Turns resting spent in this place as a percentage of non-inter-level travel turns spent in this place.
 E = Turns spent auto-exploring this place as a percentage of non-inter-level travel turns spent in this place.
 F = Non-inter-level travel turns spent in this place divided by the number of levels of this place that you've seen.
                   A       B       C       D       E      F
               +-------+-------+-------+-------+-------+----------------------
         Total | 100.0 | 100.0 |   9.3 |  40.3 |  41.6 | 607.0
       Dungeon |  98.6 |  98.5 |   9.4 |  40.9 |  41.7 | 896.5
         Abyss |   1.4 |   1.5 |   0.0 |   3.6 |  35.7 |  28.0
               +-------+-------+-------+-------+-------+----------------------
